AoeStats
← eyupfc

Arena

505681377Analyzed
1v1 RM · 22d ago on Sep 10, 2026· 38m 52s· 2 players
Game mode
Random Map
Map size
Tiny (2 player)
Population
200
Speed
Normal
Resources
Standard
Victory
Conquest
Starting age
Dark Age
Ending age
Imperial Age
RankedLock teamsTeams togetherTeam positionsShared explorationLock speedFull tech treeHidden civsTurbo modeCheats
Victory
Defeat
🇹🇷 Malay · Türkiye
1195
+17
🇺🇸 Poles · United States
1215
-17
eyupfc
8:54 Feudal Age
8:32 Double-Bit Axe
8:32 Horse Collar
16:06 Castle Age
16:35 Bow Saw
21:33 Crossbowman
24:49 Fletching
25:14 Heavy Plow
27:50 Imperial Age
25:51 Padded Archer Armor
26:52 Ballistics
26:20 Town Watch
27:11 Wheelbarrow
26:40 Loom
27:00 Arbalester
29:11 Chemistry
29:52 Bodkin Arrow
30:20 Murder Holes
30:41 Leather Archer Armor
32:51 Conscription
36:06 Husbandry
35:27 Light Cavalry
36:19 Scale Barding Armor
36:24 Forging
36:14 Bracer
36:45 Ring Archer Armor
36:23 Thumb Ring
kyadwadk
10:30 Feudal Age
15:00 Castle Age
13:15 Horse Collar
14:16 Double-Bit Axe
16:24 Bow Saw
27:29 Imperial Age
26:31 Fletching
26:42 Padded Archer Armor
27:04 Ballistics
26:33 Crossbowman
27:36 Bodkin Arrow
27:31 Arbalester
28:29 Thumb Ring
30:53 Chemistry
30:14 Leather Archer Armor
30:09 Bracer
30:42 Elite Skirmisher
31:49 Loom
32:15 Elite Skirmisher
36:09 Bloodlines
36:00 Husbandry
35:21 Light Cavalry
38:17 Forging
Connection lost

Rejoining the realm…

Still unreachable

The connection could not be restored.

Session expired

The server has moved on; the page needs a fresh start.